 Dungeon Crawl Stone Soup version 0.19.5 (webtiles) character file.

409 miragecloak the Poker (level 7, 0/52 HPs)
             Began as a Formicid Abyssal Knight on May 12, 2017.
             Was a Believer of Lugonu.
             Slain by a gnoll (3 damage)
             ... on level 5 of the Dungeon.
             The game lasted 00:06:25 (6542 turns).

miragecloak the Poker (Formicid Abyssal Knight)     Turns: 6542, Time: 00:06:25

Health: 0/52       AC:  3    Str: 17    XL:     7   Next: 13%
Magic:  8/8        EV: 11    Int: 11    God:    Lugonu [**....]
Gold:   176        SH:  0    Dex: 12    Spells: 0 memorised, 6 levels left

rFire  . . .     SeeInvis +     u - +0 scythe
rCold  . . .     Gourm    .     b - +0 leather armour
rNeg   . . .     Faith    .     (no shield)
rPois  .         Spirit   .     (helmet unavailable)
rElec  .         Reflect  .     (no cloak)
rCorr  .         Harm     .     (no gloves)
MR     .....                    (no boots)
Stlth  ..........               (no amulet)
                                (no ring)
                                h - ring of loudness

@: glowing
A: permanent stasis, dig shafts and tunnels, four strong arms, antennae 3
a: Dig, Shaft Self, Depart the Abyss, Bend Space, Renounce Religion


You were on level 5 of the Dungeon.
You worshipped Lugonu.
Lugonu was pleased with you.
You were not hungry.

You visited 1 branch of the dungeon, and saw 5 of its levels.
You visited the Abyss 1 time.

You collected 176 gold pieces.

Inventory:

Hand Weapons
 a - a +1 spear
 u - a +0 scythe (weapon)
Armour
 b - a +0 leather armour (worn)
Jewellery
 h - a ring of loudness (left hand)
 k - an uncursed ring of ice {unknown}
Scrolls
 d - 9 scrolls of identify {unknown}
 e - 2 scrolls of amnesia {unknown}
 g - 4 scrolls of remove curse
 p - a scroll of noise {unknown}
 q - a scroll of teleportation {unknown}
 v - a scroll of enchant armour {unknown}
Potions
 i - 2 potions of mutation {unknown}
 j - 5 potions of curing
 m - a potion of degeneration {unknown}
 n - a potion of brilliance {unknown}
 o - 2 potions of might {unknown}
 s - a potion of resistance {unknown}
Comestibles
 c - a bread ration
 f - 3 meat rations
 l - 2 slices of pizza
 r - 2 chunks of flesh
 t - 2 fruits


   Skills:
 - Level 3.2 Fighting
 + Level 7.1 Polearms
 - Level 2.1 Armour
 - Level 0.8 Dodging
 - Level 2.1 Invocations


You had 6 spell levels left.
You didn't know any spells.

Dungeon Overview and Level Annotations

Branches:
Dungeon (5/15)
 Temple: D:4-7

Altars:
Okawaru
Qazlal

Annotations:
D:3 1 runed door
D:4 Dowan, Duvessa


Innate Abilities, Weirdness & Mutations

You are under a permanent stasis effect.
You can dig through walls and to a lower floor.
Your four strong arms can wield two-handed weapons with a shield.
You have a pair of large antennae on your head. (SInv)


Message History

The gnoll hits you but does no damage. x2
You barely miss the gnoll. The gnoll closely misses you.
The gnoll shaman calls upon its god to speed up the gnoll.
The gnoll seems to speed up.
The gnoll hits you but does no damage.
There is an open door here.
The gnoll shaman calls upon its god to speed up the gnoll.
The gnoll seems to speed up.
There's a creature in the doorway!
You closely miss the gnoll. The gnoll closely misses you.
The gnoll shaman invokes the aid of its god against you.
You are outlined in light.
The gnoll hits you with a flail!
* * * LOW HITPOINT WARNING * * *
Are you sure you want to shaft yourself?
You feel quite a bit more hungry. The gnoll hits you with a flail!
* * * LOW HITPOINT WARNING * * *
You begin to dig a shaft.
You continue digging a shaft.
The gnoll hits you.
You die...

#.....+..............+...
#.....##......###....##..
#.....##......###....##..
#.............#..........
#.............#..........
#.............#..........
########.....###.#.#.##..
#.....##.....###......#..
#.....#g@........#.#.....
+.....#.g................
#.....g..................
#.....#..................
#....##################'#
#....#...................
#....+...................
..##........................
........#.#.................


You could see a gnoll shaman and 2 gnolls.

Vanquished Creatures
  Sigmund (D:4)
  Jessica (D:3)
  Ijyb (D:3)
  A howler monkey zombie (D:5)
  6 gnolls
  5 adders
  An ooze (D:3)
  6 worms
  A dart slug (D:1)
  3 leopard geckos
  2 orcs
  5 bats
  3 giant cockroaches
  7 hobgoblins
  8 jackals
  10 kobolds
  A quokka (D:2)
  8 frilled lizards
  8 goblins
  8 rats
86 creatures vanquished.

Notes
Turn   | Place    | Note
-------+----------+-------------------------------------------
     0 | Abyss:1  | miragecloak the Formicid Abyssal Knight began the quest for the Orb.
     0 | Abyss:1  | Reached XP level 1. HP: 18/18 MP: 2/2
    39 | Abyss:1  | Noticed a small abomination
    40 | D:1      | Escaped the Abyss
   549 | D:1      | Found an iron altar of Okawaru.
   619 | D:1      | Reached XP level 2. HP: 18/24 MP: 3/3
   626 | D:1      | Reached * piety under Lugonu
   680 | D:1      | HP: 1/24 [jackal (1)]
   686 | D:1      | Reached skill level 3 in Polearms
  1076 | D:1      | Reached XP level 3. HP: 29/29 MP: 4/4
  1733 | D:2      | Reached skill level 4 in Polearms
  1733 | D:2      | Reached XP level 4. HP: 8/35 MP: 5/5
  2302 | D:2      | Found a faded altar of an unknown god.
  2302 | D:2      | Found a stormy altar of Qazlal.
  2313 | D:2      | Found a faded altar of an unknown god.
  2315 | D:2      | Found a faded altar of an unknown god.
  2316 | D:2      | Found a faded altar of an unknown god.
  2979 | D:3      | Noticed Jessica
  2987 | D:3      | Killed Jessica
  2987 | D:3      | Reached ** piety under Lugonu
  2987 | D:3      | Reached skill level 5 in Polearms
  2987 | D:3      | Reached XP level 5. HP: 20/41 MP: 6/6
  3238 | D:3      | Noticed Ijyb
  3267 | D:3      | Killed Ijyb
  3960 | D:3      | HP: 1/41 [gnoll/flail (9)]
  4226 | D:3      | Reached XP level 6. HP: 25/47 MP: 7/7
  4448 | D:2      | Reached skill level 6 in Polearms
  4699 | D:3      | Found a runed door.
  5524 | D:4      | Noticed Sigmund
  5534 | D:4      | Killed Sigmund
  5534 | D:4      | Reached skill level 7 in Polearms
  5534 | D:4      | Reached XP level 7. HP: 29/52 MP: 8/8
  5747 | D:4      | Noticed Dowan
  5748 | D:4      | Noticed Duvessa
  5816 | D:4      | HP: 2/52 [Dowan/puff of flame (7)]
  5818 | D:4      | You fall through a shaft!
  5818 | D:5      | Entered Level 5 of the Dungeon
  6542 | D:5      | Slain by a gnoll

Skill      XL: |  1  2  3  4  5  6 |
---------------+-------------------+-----
Polearms       | 3 4 5 7 |  7.1
Fighting       | |  3.2
Armour         | |  2.1
Dodging        | |  0.8
Invocations    | |  2.1

Action                   |  1- 3 |  4- 6 |  7- 9 || total
-------------------------+-------+-------+-------++-------
Melee: Spear             |   146 |   227 |       ||   373
       Halberd           |       |    52 |       ||    52
       Scythe            |       |       |    32 ||    32
Invok: Depart the Abyss  |     1 |       |       ||     1
 Abil: Shaft Self        |       |       |     2 ||     2
  Use: Scroll            |       |       |     1 ||     1
 Stab: Sleeping          |     1 |       |       ||     1
  Eat: Chunk             |     2 |    11 |     4 ||    17
       Beef jerky        |       |     1 |       ||     1
Armor: Leather armour    |    40 |    48 |     8 ||    96
Dodge: Dodged            |    91 |   115 |    20 ||   226
